Map: Dusk Towers

Players

IIIIIIII

  • Race: Terran Terran
  • League: Master

Miszu - Winner!

  • Race: Zerg Zerg
  • League: Master

VOD

Have the link to the VOD?

Description

Time

  • Played on: June 20, 2016, 10:17 a.m.
  • Length: 35:41
Show
View Real Time Build Order
Export as new Build Order

IIIIIIII Terran 

Build Orders: Liberator Opening, Mech 

Get SALT Encoding   

  12  0:01  SCV  
  13  0:13  SCV  
  14  0:17  Supply Depot  
  14  0:25  SCV  
  15  0:39  Barracks, SCV  
  16  0:51  SCV  
  16  0:52  Refinery  
  17  1:03  SCV  
  18  1:15  SCV  
  19  1:28  Orbital Command  
  19  1:42  Command Center  
  19  1:47  Supply Depot  
  19  1:49  Marine  
  20  1:55  SCV  
  21  2:10  Factory  
  21  2:20  Barracks Reactor  
  21  2:21  SCV  
  22  2:24  Refinery  
  22  2:34  SCV  
  23  2:46  SCV  
  24  2:54  Orbital Command  
  24  2:58  SCV  
  24  3:00  Starport  
  24  3:04  Hellion x2  
  29  3:10  SCV  
  30  3:14  Supply Depot  
  30  3:21  Liberator  
  30  3:22  SCV  
  30  3:23  SCV  
  30  3:25  Hellion x2  
  36  3:34  SCV  
  36  3:35  SCV  
  41  3:47  SCV  
  42  3:49  Fusion Core  
  42  3:50  SCV  
  42  3:52  Hellion  
  42  3:53  Hellion  
  42  3:55  Barracks Tech Lab  
  47  3:59  SCV  
  49  4:02  SCV  
  49  4:09  Supply Depot  
  49  4:11  SCV  
  49  4:15  SCV  
  51  4:18  Hellion  
  51  4:23  SCV  
  54  4:24  Supply Depot  
  54  4:29  Liberator  
  54  4:31  Hellion, SCV  
  57  4:34  Refinery x2  
  57  4:35  SCV  
  58  4:39  Advanced Ballistics  
  58  4:49  SCV x2  
  58  4:50  Command Center  
  63  4:55  Hellion  
  65  5:01  Supply Depot  
  65  5:19  Liberator  
  54  5:21  Hellion x2  
  54  5:22  Barracks Reactor  
  54  5:23  SCV x2  
  54  5:31  Factory x2  
  54  5:35  SCV x2  
  59  5:46  Engineering Bay  
  59  5:47  SCV x2  
  59  5:48  Hellion x2  
  65  5:59  SCV x2  
  68  6:06  Orbital Command  
  68  6:08  Supply Depot  
  67  6:11  SCV  
  67  6:12  SCV, Liberator x2  
  67  6:14  Hellion  
  67  6:15  Hellion  
  73  6:22  Factory Tech Lab  
  73  6:23  SCV  
  73  6:24  SCV  
  75  6:26  Supply Depot  
  75  6:27  Supply Depot  
  84  6:32  Siege Tank  
  84  6:35  SCV  
  84  6:39  Hellion  
  87  6:46  Engineering Bay  
  85  6:47  Supply Depot  
  85  6:48  Supply Depot  
  85  6:53  SCV  
  85  6:54  SCV  
  85  6:56  Orbital Command  
  85  6:58  Siege Tank  
  85  7:00  Armory  
  88  7:04  Hellion x2  
  88  7:06  SCV  
  93  7:14  Liberator x2  
  93  7:22  Supply Depot  
  90  7:25  Supply Depot  
  90  7:27  Missile Turret  
  90  7:32  Siege Tank  
  90  7:33  Siege Tank  
  104  7:37  Hellion  
  104  7:53  Missile Turret  
  98  8:02  Liberator  
  90  8:08  Hellion x2, Siege Tank x2  
  100  8:29  Hellion, SCV x3  
  105  8:37  Terran Vehicle Weapons Level 1  
  105  8:40  Siege Tank  
  108  8:41  SCV  
  108  8:45  Command Center  
  108  8:46  Refinery  
  109  8:49  Liberator x2  
  109  8:50  Refinery  
  109  8:57  Hellion x3  
  109  9:08  Hellion x2, Siege Tank  
  109  9:47  Factory  
  109  9:49  Factory, SCV  
  110  9:53  SCV, Armory  
  110  9:54  Command Center  
  111  10:02  Starport Tech Lab  
  111  10:16  Missile Turret  
  111  10:17  Missile Turret  
  111  10:19  Missile Turret  
  111  10:20  Missile Turret  
  111  10:25  Thor x2  
  111  10:26  Hellbat x2  
  111  10:27  Corvid Reactor  
  127  10:30  Hi-Sec Auto Tracking  
  127  10:38  Sensor Tower  
  121  10:45  Missile Turret x2  
  121  10:47  Hellbat  
  117  10:50  Factory Tech Lab  
  117  10:57  Missile Turret x2  
  117  10:59  Missile Turret  
  117  11:00  Orbital Command  
  117  11:02  Missile Turret  
  117  11:08  Thor  
  123  11:15  Thor  
  123  11:16  Hellbat x3, Thor  
  123  11:17  Hellbat  
  143  11:27  Refinery  
  143  11:30  Missile Turret  
  143  11:31  Refinery  
  143  11:33  Missile Turret  
  143  11:37  Hellbat  
  145  11:40  Raven  
  145  11:45  Terran Vehicle And Ship Armor Level 1, Terran Vehicle Weapons Level 2  
  147  11:51  Thor  
  153  11:58  Hellbat x3, Thor x2  
  171  12:07  Building Armor  
  170  12:24  Planetary Fortress  
  170  12:26  Missile Turret  
  170  12:27  Missile Turret  
  170  12:30  Missile Turret  
  170  12:37  Hellbat, Thor  
  178  13:04  Starport  
  178  13:07  Starport  
  178  13:08  Starport, Refinery  
  178  13:13  Refinery  
  178  13:21  Supply Depot  
  178  13:22  Supply Depot  
  178  13:23  Supply Depot x2  
  178  13:36  Hellbat x4, Raven, Thor  
  178  13:38  Command Center  
  178  13:40  Barracks  
  194  13:42  Thor  
  194  13:47  Starport Tech Lab x3  
  200  14:02  Command Center  
  200  14:04  Command Center  
  200  14:08  Command Center  
  199  14:38  Terran Vehicle And Ship Armor Level 2  
  199  14:39  Terran Vehicle Weapons Level 3  
  199  14:50  Infernal Pre-Igniter  
  199  14:59  Hellbat  
  151  15:16  Thor  
  151  15:17  Hellbat  
  125  15:33  Thor  
  125  15:34  Hellbat, Hellion x2, Raven x2, Thor  
  125  15:35  Raven  
  149  15:38  Hellbat  
  136  15:50  Cloaking Field  
  136  15:52  Hyperflight Rotors  
  136  15:56  Hellion x6  
  127  15:58  Refinery, Planetary Fortress  
  127  15:59  Thor  
  127  16:02  Refinery  
  133  16:09  SCV  
  133  16:11  Hellbat x3  
  140  16:16  Thor x2  
  152  16:21  Banshee x2  
  152  16:22  SCV  
  155  16:34  SCV  
  156  16:41  Hellion x2  
  156  16:42  Hellion, Thor, Banshee x2  
  156  16:46  SCV  
  175  16:50  Hellion x3  
  175  16:53  Hellbat  
  177  16:59  Thor x2, Planetary Fortress  
  183  17:03  Explosive Shrapnel Shells  
  183  17:04  Raven  
  183  17:23  Hellbat x2  
  183  17:24  Hellion  
  183  17:25  Thor  
  195  17:39  Banshee  
  195  18:09  Hellbat x2, Thor  
  195  18:10  Hellbat  
  195  18:20  Command Center  
  195  18:21  Command Center  
  195  18:24  Command Center  
  195  18:28  Command Center  
  195  18:29  Factory  
  195  18:30  Factory  
  195  18:32  Factory  
  195  18:43  Hellion x6  
  195  18:54  Hellion x4  
  191  19:38  Hellion x2  
  191  19:39  Hellion x4  
  191  19:40  Raven  
  180  19:54  Factory Tech Lab x2  
  180  19:55  Factory Reactor  
  166  20:15  Viking, Raven x2  
  121  21:07  Hellbat x3, Thor x5  
  121  21:08  Hellbat x3, Raven x4  
  153  21:16  Planetary Fortress  
  135  21:29  Hellbat  
  125  21:49  Thor  
  125  21:50  Raven, Thor  
  125  21:51  Raven x3  
  123  22:29  Hellbat x2, Thor x3  
  139  22:33  Raven  
  139  22:34  Medivac x2  
  111  22:47  Hellbat, Thor  
  111  22:55  Hellbat  
  108  23:06  Missile Turret x2  
  108  23:10  Missile Turret  
  102  23:13  Hellbat  
  103  23:25  Widow Mine x3  
  102  23:51  Command Center  
  102  23:57  Command Center  
  102  24:02  Orbital Command  
  102  24:23  Command Center  
  92  25:04  Banshee x4  
  95  25:30  Thor  
  95  25:33  Planetary Fortress  
  101  25:46  Hellbat x2  
  105  25:50  Terran Ship Weapons Level 1  
  104  26:10  SCV x3  
  105  26:17  Missile Turret  
  105  26:18  SCV  
  106  26:19  Banshee x3  
  115  26:38  Hellion  
  115  26:39  Hellion x2  
  109  26:58  Raven  
  111  27:02  Viking  
  107  27:23  Hellion  
  107  27:24  Hellion x3  
  115  27:33  Barracks  
  106  27:54  Raven  
  100  28:09  Refinery  
  100  28:15  Refinery  
  100  28:24  Orbital Command  
  100  28:25  Ghost Academy  
  100  28:28  Orbital Command  
  100  28:43  Thor  
  100  28:44  Hellbat x3  
  112  29:01  SCV x2  
  112  29:02  SCV x3  
  117  29:13  SCV x2  
  119  29:20  SCV x3  
  122  29:37  Thor  
  122  29:38  Hellbat x3  
  134  29:52  Missile Turret  
  132  30:44  Widow Mine  
  132  30:45  Widow Mine x6  
  146  31:03  Command Center  
  146  31:04  Missile Turret  
  146  31:06  Missile Turret  
  146  31:07  Missile Turret  
  146  31:08  Command Center  
  146  31:09  Missile Turret  
  144  31:24  Hellbat  
  112  31:44  Refinery  
  106  31:48  Refinery  
  58  32:29  Command Center  
  47  32:33  Refinery, Hellbat, Thor  
  55  32:45  Hellion x2  
  55  32:47  Planetary Fortress  
  55  32:52  Hellbat x2  
  55  32:53  Hellbat  
  61  33:00  Hellbat x2  
  61  33:04  Hellion x4  
  53  33:31  Thor  
  55  33:45  Hellbat  
  59  34:07  Thor  
  59  34:08  Hellbat  
  65  34:11  Starport Tech Lab  
  55  34:34  Thor  
  55  34:35  Hellbat  
Show
View Real Time Build Order
Export as new Build Order

Miszu Zerg - Winner!

Build Orders: Hatch First 

Get SALT Encoding   

  12  0:01  Drone  
  13  0:14  Overlord  
  13  0:19  Drone  
  14  0:32  Drone x2  
  16  0:39  Drone  
  17  0:54  Drone  
  17  0:55  Hatchery  
  17  0:59  Drone  
  18  1:09  Extractor  
  17  1:13  Spawning Pool  
  17  1:15  Drone  
  17  1:20  Drone  
  18  1:29  Drone  
  19  1:43  Drone  
  20  1:51  Overlord  
  20  1:59  Queen  
  22  2:07  Drone  
  23  2:08  Queen  
  23  2:10  Drone  
  23  2:12  Drone  
  27  2:16  Metabolic Boost  
  27  2:24  Zergling x2  
  27  2:25  Zergling x2  
  29  2:40  Hatchery  
  29  2:43  Drone x3  
  31  2:52  Pneumatized Carapace  
  31  2:55  Queen  
  36  3:05  Drone x3  
  36  3:13  Overlord  
  36  3:22  Roach Warren  
  36  3:23  Drone  
  35  3:37  Queen  
  37  3:42  Drone  
  37  3:43  Drone x5  
  37  3:45  Extractor, Lair  
  37  3:46  Drone  
  43  3:53  Spore Crawler  
  43  3:54  Spore Crawler  
  41  3:57  Drone  
  41  3:58  Drone  
  43  4:03  Drone x2  
  43  4:05  Drone  
  46  4:11  Roach  
  48  4:19  Overlord x3  
  48  4:27  Drone  
  49  4:40  Roach x2  
  49  4:41  Roach x3  
  59  4:46  Drone  
  59  4:47  Drone x2  
  59  4:50  Drone x2  
  59  4:51  Drone, Evolution Chamber  
  64  4:53  Drone  
  64  4:54  Evolution Chamber  
  64  4:56  Extractor  
  64  4:59  Ravager  
  61  5:21  Zerg Melee Weapons Level 1, Zerg Ground Armor Level 1  
  61  5:25  Drone x10  
  61  5:26  Drone  
  72  5:29  Spore Crawler  
  72  5:30  Drone  
  72  5:32  Drone  
  73  5:47  Extractor  
  72  5:52  Extractor, Ravager  
  72  5:53  Ravager  
  72  5:56  Extractor  
  72  5:58  Overlord x3  
  72  6:01  Drone  
  73  6:11  Hatchery  
  69  6:28  Ravager x2  
  69  6:34  Drone x19  
  86  6:56  Roach x6  
  98  7:11  Spire  
  97  7:18  Infestation Pit  
  97  7:21  Drone x9  
  97  7:30  Ravager x2  
  97  7:49  Drone x10  
  96  8:13  Drone x5  
  98  8:27  Zerg Ground Armor Level 2, Zerg Melee Weapons Level 2  
  98  8:31  Hive  
  91  8:49  Corruptor x3  
  99  8:59  Drone x3  
  99  9:00  Drone x4  
  96  9:15  Drone x4  
  94  9:38  Drone x5  
  94  9:42  Drone x3  
  102  9:51  Roach  
  102  9:52  Overlord x5  
  104  10:10  Viper x3  
  104  10:13  Roach  
  104  10:14  Roach x4  
  119  10:15  Queen  
  119  10:19  Drone x6  
  131  10:22  Extractor x2, Hatchery  
  128  10:32  Corruptor x2  
  132  10:39  Corruptor  
  126  10:47  Drone x2  
  126  10:48  Drone x9  
  133  10:51  Greater Spire  
  133  10:59  Drone x5  
  138  11:11  Drone x6  
  144  11:15  Spine Crawler  
  144  11:16  Spine Crawler x2  
  144  11:17  Hatchery, Spine Crawler  
  144  11:18  Drone  
  140  11:19  Drone, Spine Crawler  
  140  11:26  Roach x2  
  140  11:30  Glial Reconstitution  
  144  11:40  Roach  
  144  11:41  Roach x2  
  144  11:42  Overlord x3  
  144  11:43  Overlord  
  144  11:44  Overlord x2  
  150  12:10  Corruptor  
  150  12:11  Corruptor x8  
  170  12:23  Brood Lord  
  170  12:24  Brood Lord  
  170  12:26  Brood Lord  
  174  12:32  Hatchery  
  173  12:38  Brood Lord x3  
  173  12:39  Overlord x2  
  173  12:41  Corruptor  
  181  12:44  Zerg Flyer Weapons Level 1  
  181  12:58  Brood Lord x2  
  181  12:59  Brood Lord  
  187  13:06  Zerg Melee Weapons Level 3  
  187  13:09  Extractor, Spine Crawler x2  
  187  13:10  Extractor  
  187  13:12  Spine Crawler x2  
  181  13:13  Spine Crawler x2  
  181  13:17  Overseer x3  
  179  13:23  Corruptor x2  
  183  13:27  Corruptor  
  185  13:37  Corruptor x2  
  187  14:05  Spore Crawler  
  187  14:06  Corruptor x3  
  187  14:07  Corruptor x3  
  188  14:12  Corruptor  
  188  14:15  Corruptor  
  165  14:34  Extractor  
  165  14:38  Extractor  
  163  14:39  Brood Lord  
  163  14:40  Brood Lord x2  
  163  14:42  Corruptor  
  171  14:48  Corruptor  
  171  14:49  Corruptor  
  171  15:10  Corruptor  
  171  15:11  Corruptor x5  
  171  15:14  Corruptor  
  165  15:22  Brood Lord  
  165  15:28  Hatchery  
  162  15:38  Corruptor x4  
  162  15:42  Hatchery  
  169  15:46  Corruptor x2  
  169  15:48  Drone x8  
  181  16:00  Brood Lord  
  181  16:03  Brood Lord  
  187  16:04  Drone x4  
  187  16:05  Drone  
  187  16:07  Drone  
  191  16:23  Viper x2  
  197  16:33  Roach  
  197  16:39  Spine Crawler  
  188  17:10  Drone x12  
  200  17:27  Spine Crawler  
  200  17:28  Spine Crawler  
  196  17:46  Spine Crawler  
  196  17:50  Spine Crawler x2  
  192  17:52  Spore Crawler x3  
  192  17:56  Spore Crawler  
  181  18:02  Corruptor  
  181  18:03  Corruptor x2  
  183  18:05  Queen  
  184  18:16  Brood Lord  
  184  18:17  Brood Lord x4  
  184  18:18  Brood Lord x2  
  184  18:19  Brood Lord  
  200  18:30  Spine Crawler  
  200  18:31  Drone  
  200  18:33  Spine Crawler  
  197  18:57  Corruptor  
  199  19:11  Drone  
  200  19:23  Hatchery  
  173  20:30  Overlord x7  
  173  20:31  Overlord x2  
  169  20:36  Overlord x5  
  169  20:37  Overlord x2  
  152  21:17  Hatchery  
  150  21:22  Spore Crawler  
  105  22:49  Spire  
  104  22:52  Viper  
  104  22:53  Viper x5  
  122  23:11  Hatchery  
  111  24:02  Queen  
  105  24:06  Queen  
  107  24:11  Greater Spire, Drone x9  
  107  24:12  Drone x6  
  114  24:53  Queen  
  114  24:54  Queen x3  
  122  25:11  Spore Crawler  
  122  25:15  Spore Crawler  
  122  25:18  Spine Crawler x2  
  120  25:25  Brood Lord x2  
  120  25:26  Brood Lord  
  126  25:29  Queen  
  128  25:44  Brood Lord x2  
  128  25:46  Brood Lord  
  134  25:57  Brood Lord  
  134  26:01  Brood Lord  
  138  26:31  Hatchery  
  133  26:50  Corruptor  
  133  26:51  Corruptor x4  
  143  27:03  Queen  
  145  27:20  Corruptor  
  145  27:21  Corruptor x2  
  151  27:33  Overseer x3  
  149  27:54  Hatchery  
  148  28:11  Corruptor x5  
  158  28:30  Viper x4  
  170  28:44  Viper x3  
  179  28:51  Corruptor  
  179  28:54  Extractor  
  180  30:19  Spore Crawler x2  
  175  31:21  Spire  
  132  32:03  Hatchery  
  131  32:11  Hatchery  
  128  32:46  Drone x9  
  128  32:48  Drone x13  
  150  32:55  Hatchery  
  140  33:36  Drone x8  
  140  33:37  Drone  
  149  33:51  Greater Spire  
  149  33:56  Nydus Network  
  149  33:57  Drone x7  
  155  34:23  Viper x2  
  161  34:24  Viper x2  
  161  34:27  Drone x9  
Tags
 
Add a new tag
Caveats
  • Supply blocks, unpowered buildings, or Contaminate may cause inaccurate times.
  • Supply counts are checked every 10 seconds.